 Dungeon Crawl Stone Soup version 0.30-a0-1-g69b7b797bf (webtiles) character file.

Game seed: 7559184142661552083

2133 Bornsel the Covert (level 9, -16/39 HPs)
             Began as a Spriggan Enchanter on Aug 19, 2022.
             Shot with a bolt by an orc warrior (25 damage)
             ... on level 6 of the Dungeon.
             The game lasted 00:14:59 (9521 turns).

Bornsel the Covert (Spriggan Enchanter)             Turns: 9521, Time: 00:14:59

Health: -16/39     AC:  3    Str:  8    XL:     9   Next: 9%
Magic:  23/23      EV: 17    Int: 17    God:
Gold:   205        SH:  0    Dex: 15    Spells: 15/26 levels left

rFire   . . .      SeeInvis +    d - +2 dagger (venom)
rCold   . . .      Faith    .    (no shield)
rNeg    . . .      Spirit   .    b - +1 robe
rPois   .          Reflect  .    (helmet restricted)
rElec   .          Harm     .    (no cloak)
rCorr   .          Rampage  .    (gloves unavailable)
Will    +....                    (boots unavailable)
Stlth   +++++.....               (no amulet)
HPRegen 0.13/turn                n - ring of flight
MPRegen 0.18/turn                (no ring)

@: flying, invisible, very quick
A: very small, no large weapons, unfitting armour, see invisible, speed 3
a: no special abilities


You were on level 6 of the Dungeon.
You visited 2 branches of the dungeon, and saw 7 of its levels.

You collected 205 gold pieces.

Inventory:

Hand Weapons
 a - a +1 dagger
 d - a +2 dagger of venom (weapon)
Armour
 b - a +1 robe (worn)
Jewellery
 g - a ring of fire
 n - a ring of flight (left hand)
Wands
 q - a wand of mindburst (9)
 s - a wand of digging (6)
Scrolls
 e - 2 scrolls of blinking
 f - a scroll of teleportation
 i - 2 scrolls of summoning
 j - a scroll of enchant armour
 l - 2 scrolls of vulnerability
 p - 4 scrolls of identify
Potions
 c - a potion of invisibility
 h - 4 potions of curing
 m - 3 potions of lignification
 o - a potion of resistance
 r - a potion of brilliance


   Skills:
 + Level 0.2 Fighting
 + Level 1.3 Short Blades
 + Level 2.8 Dodging
 + Level 10.6 Stealth
 + Level 9.0 Spellcasting
 + Level 9.3 Hexes


You had 15 spell levels left.
You knew the following spells:

 Your Spells              Type           Power      Damage    Failure   Level
a - Ensorcelled Hibernat  Hex/Ice        46%        N/A       1%          2
b - Tukima's Dance        Hex            39%        N/A       1%          3
c - Dazzling Flash        Conj/Hex       46%        N/A       4%          3
d - Confusing Touch       Hex            39%        N/A       1%          3

Your spell library contained the following spells:

 Spells                   Type           Power      Damage    Failure   Level
 Necrotise                Necr           28%        1d5       10%         1
 Gell's Gravitas          Tloc           7%         N/A       28%         3
 Lesser Beckoning         Tloc           7%         N/A       28%         3
 Ozocubu's Armour         Ice            7%         N/A       28%         3
 Teleport Other           Tloc           7%         N/A       28%         3
 Vampiric Draining        Necr           7%         2d6       28%         3
 Metabolic Englaciation   Hex/Ice        11%        N/A       36%         5
 Summon Mana Viper        Hex/Summ       23%        N/A       36%         5
 Summon Ice Beast         Ice/Summ       7%         N/A       67%         4
 Agony                    Necr           7%         N/A       95%         5
 Dispersal                Tloc           3%         N/A       100%        6
 Simulacrum               Ice/Necr       3%         N/A       100%        6
 Monstrous Menagerie      Summ           3%         N/A       100%        7


Dungeon Overview and Level Annotations

Branches:
Dungeon (6/15)             Temple (1/1) D:5

Altars:
Cheibriados
Elyvilon
Fedhas
Gozag
Hepliaklqana
Kikubaaqudgha
Makhleb
Nemelex Xobeh
Qazlal
Sif Muna
Trog
Uskayaw
Vehumet
Wu Jian
Xom
Yredelemnul
Zin
The Shining One

Shops:
D:4 :   D:6 *

Annotations:
D:4 2 runed translucent doors, nmsoi's ghost, amateur GnWn


Innate Abilities, Weirdness & Mutations

You are very small and have problems with some larger weapons.
You are too small for most types of armour.
You have supernaturally acute eyesight. (SInv)
You cover ground extremely quickly. (Speed+++)


Message History

You hit the orc wizard.
The orc wizard looks as sick as possible!
The orc wizard is moderately wounded.
The orc priest invokes the aid of Beogh against you.
Beogh smites you! The orc wizard closely misses you.
You barely miss the orc wizard.
The orc wizard is moderately wounded.
You closely miss the orc wizard.
The orc wizard is moderately wounded.
The orc priest calls down the wrath of Beogh upon you.
Beogh smites you!
* * * LOW HITPOINT WARNING * * *
The orc wizard hits you but does no damage.
The orc warrior shoots a bolt.
The bolt closely misses you.
You fade into invisibility!
The orc priest closely misses you.
The orc wizard hits you with a +0 dagger.
* * * LOW HITPOINT WARNING * * *
The orc warrior shoots a bolt.
The bolt misses you.
Unknown command.
You kill the orc wizard!
The orc warrior shoots a bolt.
Aiming: Mindburst
Press: ? - help, Shift-Dir - straight line, f - orc
Aim: an orc, wielding a +0 dagger (unable to see you, chance to affect: 79%)
The orc's mind is blasted!!
You blow up the orc!
Unknown command.
Aiming: Mindburst
Press: ? - help, Shift-Dir - straight line, f - orc warrior
Aim: an orc warrior, wielding a +0 arbalest and wearing a +0 plate armour (wandering, unable to see you, hasn't noticed you, chance to affect: 64%)
The orc warrior's mind is blasted!
Unknown command.
Aiming: Mindburst
Press: ? - help, Shift-Dir - straight line, f/p - orc warrior
Aim: an orc warrior, wielding a +0 arbalest and wearing a +0 plate armour (severely wounded, wandering, unable to see you, hasn't noticed you, chance to affect: 64%)
The orc warrior struggles to resist.
The orc warrior shoots a bolt.
The bolt hits you!!
Ouch! That really hurt!
You die...

... ..# .. # #..
#.# #.# ##. #..
#.##..# ..#
#..##.#..# #.#
#...#...#####.#
#...........#.#
##..)).......#.#
#....o..@....#.#
##
#....#o########.#
##. #.##
##...#####.# ##..
##.$...##.###
#... ###....#...#
#...
###+.....#####...
#.............
###########...
#...


You could see an orc warrior (unable to see you) and an orc priest (wandering,
unable to see you).

Vanquished Creatures
  Sigmund (D:4)
  Edmund (D:6)
  A water moccasin (D:6)
  2 ice beasts
  A black bear (D:6)
  A centaur (D:5)
  A phantom (D:5)
  A kobold brigand (D:6)
  A bullfrog (D:6)
  3 scorpions
  2 necrophages (D:5)
  2 howler monkeys
  2 hounds
  2 jellies (D:5)
  3 orc priests
  5 iguanas
  Terence (D:2)
  6 orc wizards
  13 adders
  A shadow imp (D:5)
  A white imp (D:5)
  An ufetubus (D:4)
  A worm (D:2)
  2 dart slugs
  20 orcs
  5 ball pythons
  5 bats
  9 endoplasms
  3 giant cockroaches
  7 hobgoblins
  2 jackals (D:2)
  18 kobolds
  6 quokkas
  5 frilled lizards
  12 goblins
  9 rats
156 creatures vanquished.

Vanquished Creatures (collateral kills)
  Jessica (D:3)
  Robin (D:2)
  2 goblins (D:2)
4 creatures vanquished.

Vanquished Creatures (others)
  A dancing weapon (D:4)
  9 plants (D:2)
10 creatures vanquished.

Grand Total: 170 creatures vanquished

Notes
Turn   | Place    | Note
-------+----------+-------------------------------------------
     0 | D:1      | Bornsel the Spriggan Enchanter began the quest for the Orb.
     0 | D:1      | Reached XP level 1. HP: 9/9 MP: 5/5
   422 | D:1      | Reached XP level 2. HP: 10/13 MP: 7/7
   429 | D:1      | Learned a level 2 spell: Ensorcelled Hibernation
  1258 | D:1      | Found a faded altar of an unknown god.
  1514 | D:2      | Noticed Robin
  1634 | D:2      | Reached XP level 3. HP: 13/16 MP: 9/9
  1648 | D:2      | Noticed Terence
  1660 | D:2      | Killed Terence
  2130 | D:2      | Learned a level 3 spell: Tukima's Dance
  2143 | D:2      | Learned a level 3 spell: Confusing Touch
  2152 | D:2      | Killed Robin
  2153 | D:2      | Reached XP level 4. HP: 21/21 MP: 7/11
  2156 | D:2      | Reached skill level 5 in Hexes
  2804 | D:2      | Reached XP level 5. HP: 19/24 MP: 13/13
  2949 | D:2      | Reached skill level 5 in Spellcasting
  3194 | D:3      | Learned a level 3 spell: Dazzling Flash
  3776 | D:3      | Noticed Jessica
  3785 | D:3      | Killed Jessica
  3786 | D:3      | Reached skill level 5 in Stealth
  3807 | D:3      | Found a shimmering blue altar of Sif Muna.
  4351 | D:3      | Reached XP level 6. HP: 28/28 MP: 15/15
  4904 | D:4      | Found Woalesim's Book Shoppe.
  4987 | D:4      | Noticed Sigmund
  4997 | D:4      | Killed Sigmund
  4998 | D:4      | Reached skill level 6 in Stealth
  5116 | D:4      | Found a large runed translucent door.
  5116 | D:4      | Found a large runed translucent door.
  5130 | D:4      | Noticed nmsoi's ghost (amateur GnWn)
  5188 | D:4      | Reached XP level 7. HP: 32/32 MP: 17/17
  5587 | D:5      | Entered Level 5 of the Dungeon
  5648 | D:5      | Reached skill level 7 in Stealth
  6110 | D:5      | Found a white marble altar of Elyvilon.
  6787 | D:5      | Reached skill level 8 in Stealth
  6890 | D:5      | Reached XP level 8. HP: 13/36 MP: 8/20
  7303 | D:5      | Found a staircase to the Ecumenical Temple.
  7309 | Temple   | Entered the Ecumenical Temple
  8072 | D:5      | Reached skill level 9 in Stealth
  8755 | D:6      | Found Zin's Purification Station.
  8755 | D:6      | Found a glowing silver altar of Zin.
  8857 | D:6      | Noticed Edmund
  8874 | D:6      | Killed Edmund
  8875 | D:6      | Reached skill level 10 in Stealth
  9250 | D:6      | Reached XP level 9. HP: 10/39 MP: 21/23
  9521 | D:6      | Shot with a bolt by an orc warrior

Illustrated notes

Levels and vault maps discovered:
D:1:      wander_arrival_lonely_grave, layout_basic, basic_ecumenical_altar,
          chequers_serial_rivers_micro_d, hex_large
D:2:      layout_loops_ring, lexackson_kobold_supper, uniq_robin, uniq_terence
D:3:      layout_basic, tgw_sif, nicolae_elevator_lobby_plus
D:4:      layout_basic, ebering_ghost_disaster_area, serial_shops,
          nicolae_diamond_shop, minivault_25, uniq_sigmund
D:5:      minmay_razor_zed, layout_layer_cave,
          mainiacjoe_overflow_six_doors_small,
          minmay_temple_entry_enclosed_plants
D:6:      nicolae_cairo_tiling, layout_rooms, zin_purify,
          mainiacjoe_overflow_swirl, serial_shops, shop_fountains, uniq_edmund
Temple:   hellmonk_temple_two_chambers

Skill      XL: |  1  2  3  4  5  6  7  8 |
---------------+-------------------------+-----
Spellcasting   | 3 4 5 6 7 9 |  9.0
Hexes          | 4 5 6 7 9 |  9.3
Stealth        | 5 6 8 10 | 10.6
Fighting       | |  0.2
Short Blades   | |  1.3
Dodging        | |  2.8

Action                   |  1- 3 |  4- 6 |  7- 9 || total
-------------------------+-------+-------+-------++-------
Melee: Dagger            |    74 |   198 |   178 ||   450
       Punch             |     1 |     2 |     1 ||     4
 Cast: Ensorcelled Hiber |     1 |     6 |    40 ||    47
       Tukima's Dance    |     1 |     2 |       ||     3
       Confusing Touch   |       |     1 |     6 ||     7
Evoke: Wand              |       |       |     5 ||     5
  Use: Scroll            |     4 |    12 |     4 ||    20
       Potion            |       |       |     3 ||     3
 Stab: Sleeping          |    14 |    18 |    31 ||    63
       Distracted        |       |     1 |       ||     1
       Confused          |       |       |     2 ||     2
Armor: Robe              |     4 |    20 |    24 ||    48
Dodge: Dodged            |    40 |   119 |   120 ||   279

Table legend: (Time is in decaauts)
 A = Elapsed time spent in this place.
 B = Non-inter-level travel time spent in this place.
 C = Inter-level travel time spent in this place.
 D = Time resting spent in this place.
 E = Time spent auto-exploring this place.
 F = Levels seen in this place.
 G = Mean time per level.
                   A        B        C        D        E       F      G
               +--------+--------+--------+--------+--------+-----+--------+
         Total |   7553 |   7381 |    172 |   1198 |   5085 |   7 | 1079.0 |
       Dungeon |   7537 |   7367 |    170 |   1198 |   5082 |   6 | 1256.2 |
        Temple |     16 |     15 |      1 |      0 |      3 |   1 |   16.0 |
               +--------+--------+--------+--------+--------+-----+--------+

Top non-repeatable levels by time:
     D:5: 2539 daAuts
     D:1: 1260 daAuts
     D:2: 1253 daAuts
     D:3: 994 daAuts
     D:6: 761 daAuts
     D:4: 726 daAuts
  Temple: 16 daAuts
